 Dungeon Crawl Stone Soup version 0.16.1-14-g82efdee (webtiles) character file.

75 jacksonaction the Chiller (level 4, 0/27 HPs)
             Began as a High Elf Ice Elementalist on Apr 13, 2015.
             Slain by Crazy Yiuf
             ... wielding a +3 quarterstaff of chaos
              (13 damage)
             ... on level 3 of the Dungeon.
             The game lasted 00:11:29 (2235 turns).

jacksonaction the Chiller (HEIE)                    Turns: 2235, Time: 00:11:29

Health: 0/27       AC:  7    Str:  7    XL:     4   Next: 11%
Magic:  3/11       EV: 12    Int: 19    God:
Gold:   163        SH:  0    Dex: 16    Spells: 3 memorised, 1 level left

rFire  . . .     SeeInvis .     (no weapon)
rCold  . . .     Clarity  .     a - +0 robe
rNeg   . . .     SustAb   .     (no shield)
rPois  .         Gourm    .     (no helmet)
rElec  .         Spirit   .     (no cloak)
rCorr  .         Warding  .     (no gloves)
rMut   .         Stasis   .     (no boots)
MR     .....                    (no amulet)
Stlth  ++........               (no ring)
                                (no ring)

@: icy armour, very slightly contaminated, drained, not resistant to hostile
enchantments, unstealthy
A: no striking features
a: no special abilities


You were on level 3 of the Dungeon.
You were not hungry.

You visited 1 branch of the dungeon, and saw 3 of its levels.

You collected 163 gold pieces.

Inventory:

Hand weapons
 k - a +0 dagger of speed
Missiles
 i - 91 stones
 r - 4 silver tomahawks (quivered)
 x - 10 poisoned needles
Armour
 a - a +0 robe (worn)
Jewellery
 v - an uncursed ring of flight {unknown}
Magical devices
 n - a wand of draining (5)
Scrolls
 j - a scroll of remove curse {unknown}
 l - a scroll of immolation {unknown}
 m - a scroll of teleportation {unknown}
 t - a scroll of enchant armour {unknown}
Potions
 d - 3 potions of magic {unknown}
 e - a potion of flight {unknown}
 g - 2 potions of mutation {unknown}
 h - a potion of haste {unknown}
 o - a potion of cancellation {unknown}
 p - a potion of resistance {unknown}
 s - a potion of brilliance {unknown}
 u - 2 potions of curing {unknown}
 w - a potion of degeneration {unknown}
Books
 b - a book of Frost

   Spells                             Type                      Level
   a - Freeze                         Ice                          1
   b - Throw Frost                    Conjuration/Ice              2
   c - Ozocubu's Armour               Charms/Ice                   3
   d - Throw Icicle                   Conjuration/Ice              4
   e - Summon Ice Beast               Ice/Summoning                4
   f - Condensation Shield            Ice                          4
Comestibles
 c - 3 bread rations
 f - 3 meat rations
 q - a beef jerky
 z - 2 chunks of flesh


   Skills:
 - Level 2.1(1.8) Dodging
 - Level 2.1(1.8) Stealth
 - Level 2.4(2.0) Spellcasting
 - Level 3.0(2.7) Conjurations
 + Level 0.2(0.0) Charms
 - Level 4.1(3.8) Ice Magic


You had one spell level left.
You knew the following spells:

 Your Spells              Type           Power        Failure   Level  Hunger
a - Freeze                Ice            ###.         4%          1    #......
b - Throw Frost           Conj/Ice       ##....       10%         2    ###....
c - Ozocubu's Armour      Chrm/Ice       #.......     28%         3    ###....


Dungeon Overview and Level Annotations

Branches:
Dungeon (3/15)

Altars:

Annotations:
D:2 Sigmund
D:3 Crazy Yiuf


Message History

Crazy Yiuf hits you with a quarterstaff of chaos.
You feel your power leaking away.
Casting: Freeze
Confirm with . or Enter, or press ? or * to list all spells.
Aiming: Freeze
Press: ? - help, Shift-Dir - straight line, f/p - Crazy Yiuf
Aim: Crazy Yiuf, wielding a quarterstaff of chaos and wearing a cloak (heavily wounded)
You freeze Crazy Yiuf.
Crazy Yiuf is severely wounded.
Crazy Yiuf barely misses you.
Casting: Freeze
Confirm with . or Enter, or press ? or * to list all spells.
Aiming: Freeze
Press: ? - help, Shift-Dir - straight line, f/p - Crazy Yiuf
Aim: Crazy Yiuf, wielding a quarterstaff of chaos and wearing a cloak (severely wounded)
You miscast Freeze.
You are very lightly contaminated with residual magic.
Nothing appears to happen.
Crazy Yiuf hits you with a quarterstaff of chaos!
You die...

##.#############
#..# #.# #..# #.#
#..# ### #..#####
#......#
♣♣♣♣♣###.####.#
#### ###
♣♣♣.♣...##.# #.#
#..#
#...#♣..♣.......#
#.# #.##
#...g@♣♣♣♣......#
#.# #.# #)..#♣♣
♣♣..#..# #.# #.#
### ♣♣##..# #.#
#.# ##.# #.# #.#
#.# #.# #.# ###
#.# #.# #.# #.#
#.####.# #.# #.#
#.#.##.#
#######># #.#
#..#...#


You could see Crazy Yiuf.

Vanquished Creatures
  2 adders
  3 worms
  3 giant geckos
  4 giant cockroaches
  3 hobgoblins (D:3)
  A quokka (D:2)
  2 bats (D:2)
  4 giant newts
  7 goblins
  4 kobolds
  2 rats
35 creatures vanquished.

Notes
Turn   | Place    | Note
--------------------------------------------------------------
     0 | D:1      | jacksonaction, the High Elf Ice Elementalist, began the quest for the Orb.
     0 | D:1      | Reached XP level 1. HP: 11/11 MP: 4/4
   663 | D:1      | Reached XP level 2. HP: 17/17 MP: 4/6
   667 | D:1      | Learned a level 2 spell: Throw Frost
  1139 | D:2      | Reached skill level 4 in Ice Magic
  1326 | D:2      | Reached XP level 3. HP: 21/21 MP: 0/8
  1349 | D:2      | Learned a level 3 spell: Ozocubu's Armour
  1488 | D:2      | Noticed Sigmund
  2027 | D:3      | Reached XP level 4. HP: 27/27 MP: 4/11
  2228 | D:3      | Noticed Crazy Yiuf
  2235 | D:3      | Slain by Crazy Yiuf

Action                   |  1- 3 |  4- 6 || total
-------------------------+-------+-------++-------
Melee: Unarmed           |     3 |       ||     3
Throw: Tomahawk          |    27 |     2 ||    29
       Stone             |    15 |       ||    15
 Cast: Freeze            |    43 |     6 ||    49
       Throw Frost       |    17 |       ||    17
       Ozocubu's Armour  |       |     1 ||     1
  Eat: Chunk             |     4 |     1 ||     5
